 Dungeon Crawl Stone Soup version 0.24.0-1-gfbc8707 (webtiles) character file.

Game seed: 7801436483018203462, levelgen mode: deterministic

395489 Faca the Phalangite (level 23, -6/200 HPs)
             Began as a Merfolk Gladiator on Nov 2, 2019.
             Was the Champion of Okawaru.
             Killed from afar by an ice dragon (39 damage)
             ... with a blast of cold
             ... on level 2 of the Depths.
             The game lasted 02:50:32 (53398 turns).

Faca the Phalangite (Merfolk Gladiator)            Turns: 53398, Time: 02:50:32

Health: -6/200     AC: 21    Str: 25    XL:     23   Next: 19%
Magic:  30/30      EV: 27    Int:  8    God:    Okawaru [******]
Gold:   2184       SH: 31    Dex: 20    Spells: 22/22 levels left

rFire    + + .     SeeInvis .   X - +7 demon trident (elec)
rCold    . . .     Gourm    .   Y - +2 large shield
rNeg     + . .     Faith    .   l - +4 chain mail {rF+}
rPois    +         Spirit   .   V - +1 hat of Nyepipp {rPois MR+ Str-3 Slay+2}
rElec    +         Reflect  +   Z - +2 cloak
rCorr    .         Harm     .   C - -2 pair of gloves of Sin {rElec rC+ rN+ Regen+}
MR       ++++.                  W - +1 pair of boots "Uridghe" {MR+}
Stlth    ..........             s - +4 amulet of reflection
HPRegen  0.83/turn              J - ring of protection from magic
MPRegen  0.22/turn              p - ring of Vumetu {Fire rPois Str+5 Dex+4}

@: heroism
A: change form in water, swift swim, stealthy swim
}: 2/15 runes: serpentine, barnacled
a: Heroism, Finesse, Renounce Religion


You were on level 2 of the Depths.
You worshipped Okawaru.
Okawaru was exalted by your worship.
You were hungry.

You visited 8 branches of the dungeon, and saw 38 of its levels.
You also visited: Trove, Ice Cave and Volcano.

You collected 4122 gold pieces.
You spent 1938 gold pieces at shops.

Inventory:

Hand Weapons
 x - the +10 trident of the Warrior {pierce, rPois rN+ MR+ Stlth+}
   (Okawaru gifted it to you on level 4 of the Shoals)

   It inflicts extra damage upon your enemies.
   It protects you from poison.
   It protects you from negative energy.
   It affects your resistance to hostile enchantments.
   It makes you more stealthy.
 X - a +7 demon trident of electrocution (weapon)
Missiles
 a - 84 boomerangs
 c - 29 silver javelins
 d - 10 throwing nets (quivered)
 g - 89 javelins
Armour
 l - a +4 chain mail of fire resistance (worn)
 C - the -2 pair of gloves of Sin (worn) {rElec rC+ rN+ Regen+}
   (You found it on level 3 of the Shoals)

   It protects you from cold.
   It insulates you from electricity.
   It protects you from negative energy.
   It increases your rate of regeneration.
 E - the +3 pair of gauntlets of War {Slay+5}
   (Okawaru gifted it to you on level 4 of the Snake Pit)

   It affects your accuracy and damage with ranged weapons and melee attacks
   (+5).
 V - the +1 hat of Nyepipp (worn) {rPois MR+ Str-3 Slay+2}
   (You found it on level 1 of the Shoals)

   It affects your strength (-3).
   It affects your accuracy and damage with ranged weapons and melee attacks
   (+2).
   It protects you from poison.
   It affects your resistance to hostile enchantments.
 W - the +1 pair of boots "Uridghe" (worn) {MR+}
   (Okawaru gifted it to you on level 2 of the Orcish Mines)

   It affects your resistance to hostile enchantments.
 Y - a +2 large shield (worn)
 Z - a +2 cloak (worn)
Jewellery
 k - the ring "Nizxisys" {+Fly Int-3 SInv Stlth-}
   (You took it off an ogre mage on level 1 of the Depths)

   [ring of attention]

   It affects your intelligence (-3).
   It lets you see invisible.
   It lets you fly.
   It makes you less stealthy.
 p - the ring of Vumetu (right hand) {Fire rPois Str+5 Dex+4}
   (You found it in a treasure trove)

   [ring of fire]

   It enhances your fire magic.
   It affects your strength (+5).
   It affects your dexterity (+4).
   It protects you from fire.
   It makes you vulnerable to cold.
   It protects you from poison.
 s - a +4 amulet of reflection (around neck)
 F - an uncursed ring of resist corrosion
 H - the ring of Vimaluf {-Tele MP+9 Str+2 Dex+4 Stlth+}
   (You acquired it on level 15 of the Dungeon)

   [ring of magical power]

   It affects your strength (+2).
   It affects your dexterity (+4).
   It affects your magic capacity (+9).
   It prevents most forms of teleportation.
   It makes you more stealthy.
 J - a ring of protection from magic (left hand)
 O - the ring of Due Proportion {*Drain Int+6 Dex+5 Slay+3}
   (You acquired it on level 2 of the Vaults)

   [ring of slaying]

   It affects your intelligence (+6).
   It affects your dexterity (+5).
   It affects your accuracy and damage with ranged weapons and melee attacks
   (+3).
   It causes draining when unequipped.
 P - the ring of Ru's Fury {rC+ Str+6 Int-5}
   (You took it off a frost giant in an ice cave)

   [ring of protection from cold]

   It affects your strength (+6).
   It affects your intelligence (-5).
   It protects you from cold.
 R - an uncursed ring of see invisible
Wands
 r - a wand of digging (11)
 I - a wand of acid (18)
Scrolls
 b - 10 scrolls of blinking
 e - 16 scrolls of remove curse
 h - 4 scrolls of identify
 t - 12 scrolls of teleportation
 u - 8 scrolls of magic mapping
 y - 2 scrolls of fear
 A - 5 scrolls of fog
 G - 2 scrolls of immolation
 K - 6 scrolls of enchant armour
 L - 4 scrolls of holy word
 M - 4 scrolls of summoning
Potions
 i - 6 potions of resistance
 j - a potion of heal wounds
 m - 14 potions of mutation
 n - 7 potions of agility
 o - 6 potions of lignification
 q - 7 potions of flight
 v - 2 potions of ambrosia
 w - 9 potions of brilliance
 z - 4 potions of might
 B - 6 potions of cancellation
 N - 7 potions of haste
 Q - 4 potions of berserk rage
 S - 17 potions of curing
 T - 5 potions of invisibility
Comestibles
 f - 77 rations


   Skills:
 + Level 21.2(26.2) Fighting
 + Level 26.1(27) Polearms
 + Level 3.7(8.7) Throwing
 - Level 5.0(10.0) Armour
 + Level 22.7(27) Dodging
 + Level 18.2(23.2) Shields
 - Level 10.0 Invocations


You had 22 spell levels left.
You didn't know any spells.
Your spell library contained the following spells:

 Spells                   Type           Power        Failure   Level  Hunger
 Animate Skeleton         Necr           N/A          95%         1    ##.....
 Apportation              Tloc           #.....       95%         1    ##.....
 Beastly Appendage        Tmut           #.....       95%         1    ##.....
 Confusing Touch          Hex            #.....       95%         1    ##.....
 Corona                   Hex            #......      95%         1    ##.....
 Flame Tongue             Conj/Fire      #....        95%         1    ##.....
 Freeze                   Ice            #...         95%         1    ##.....
 Infusion                 Chrm           #...         95%         1    ##.....
 Sting                    Conj/Pois      #...         95%         1    ##.....
 Summon Small Mammal      Summ           #...         95%         1    ##.....
 Poisonous Vapours        Pois/Air       #.....       99%         2    ###....
 Shroud of Golubria       Chrm/Tloc      #.....       99%         2    ###....
 Slow                     Hex            #.......     99%         2    ###....
 Song of Slaying          Chrm           #.......     99%         2    ###....
 Sticks to Snakes         Tmut           #.......     99%         2    ###....
 Throw Flame              Conj/Fire      #.....       99%         2    ###....
 Throw Frost              Conj/Ice       #.....       99%         2    ###....
 Conjure Flame            Conj/Fire      #.......     100%        3    ####...
 Inner Flame              Hex/Fire       #.......     100%        3    ####...
 Mephitic Cloud           Conj/Pois/Air  #.......     100%        3    ####...
 Ozocubu's Armour         Chrm/Ice       #.......     100%        3    ####...
 Portal Projectile        Hex/Tloc       #.....       100%        3    ####...
 Regeneration             Chrm/Necr      #.........   100%        3    ####...
 Spectral Weapon          Hex/Chrm       #.......     100%        3    ####...
 Spider Form              Tmut/Pois      #.........   100%        3    ####...
 Cause Fear               Hex            #.........   100%        4    #####..
 Ice Form                 Ice/Tmut       #.......     100%        4    #####..
 Leda's Liquefaction      Hex/Erth       #.........   100%        4    #####..
 Olgreb's Toxic Radiance  Pois           #.......     100%        4    #####..
 Sticky Flame             Conj/Fire      #.......     100%        4    #####..
 Summon Ice Beast         Ice/Summ       #.......     100%        4    #####..
 Throw Icicle             Conj/Ice       #.......     100%        4    #####..
 Blade Hands              Tmut           #.........   100%        5    ######.
 Fireball                 Conj/Fire      #.........   100%        5    ######.
 Silence                  Hex/Air        #.........   100%        5    ######.
 Venom Bolt               Conj/Pois      #.........   100%        5    ######.
 Yara's Violent Unravell  Hex/Tmut       #.........   100%        5    ######.
 Deflect Missiles         Chrm/Air       #.........   100%        6    #######
 Shadow Creatures         Summ           N/A          100%        6    #######
 Malign Gateway           Summ/Tloc      #.........   100%        7    #######
 Discord                  Hex            #.........   100%        8    #######


Dungeon Overview and Level Annotations

Branches:
Dungeon (15/15)            Temple (1/1) D:7            Lair (6/6) D:10
 Shoals (4/4) Lair:2        Snake (4/4) Lair:4        Slime (0/5) Lair:5
    Orc (2/2) D:10            Elf (0/3) Orc:2        Vaults (4/5) D:14
  Crypt (0/3) Vaults:2     Depths (2/5) D:15          IceCv (visited)
Volcano (visited)

Altars:
Ashenzari
Cheibriados
Dithmenos
Elyvilon
Fedhas
Kikubaaqudgha
Makhleb
Okawaru
Qazlal
Sif Muna
Uskayaw
Vehumet
Xom
Yredelemnul
The Shining One
Beogh

Shops:
D:5 (   D:7 [   D:13 [   Orc:2 [[(*   Shoals:2 =   Snake:1 (([   Vaults:1 [
Vaults:2 %   Vaults:4 *[(

Portals:
Hell: Depths:1
Pandemonium: Depths:2


Message History

The ice dragon breathes frost at you.
The blast of cold hits the ugly thing simulacrum.
The ugly thing simulacrum completely resists.
The blast of cold hits you!!!
* * * LOW HITPOINT WARNING * * *
You hear a shout!
You stick the ugly thing simulacrum like a pincushion!!!
The ugly thing simulacrum vapourises!
A wizard comes into view. It is wielding a +0 dagger.
You feel much better.
The frost giant is engulfed in freezing vapours.
The frost giant points at you and mumbles some strange words.
The bolt of cold hits you!!!
* * * LOW HITPOINT WARNING * * *
You puncture the frost giant!
The frost giant is lightly wounded.
The ice dragon breathes frost at you.
The blast of cold hits the frost giant.
The frost giant resists.
The blast of cold hits you!!!
You die...

.. #.....#.)...#
.
#.....#.....#..
..#...#).......#
...###.))[##...#
.# #.#.......#.#
#...)...##...
#D...#### #.
##C.### #@###
#....## ##..#
##. . .. p. .##


You could see a frost giant, an ice dragon and a wizard.

Vanquished Creatures
  Sojobo (Vaults:3)
  Xtahua (Vaults:4)
  Bai Suzhen (Snake:2)
  Jorgrun (D:15)
  Asterion (Vaults:3)
  2 liches
  A titan (Vaults:4)
  3 sphinxes
  Polyphemus (Shoals:4)
  A kraken (Shoals:4)
  Ilsuiw (Shoals:4)
  A storm dragon (Depths:2)
  Kirke (D:15)
  13 nagarajas
  Agnes (Snake:1)
  Roxanne (Shoals:4)
  3 tengu reavers
  A fire giant (Depths:1)
  2 orc warlords
  Aizul (Snake:3)
  2 frost giants
  Louise (Shoals:1)
  9 vault wardens
  6 ironheart preservers
  The ghost of Twasazerg the Slicer, a journeyman DsFi of Hepliaklqana (Shoals:1)
  8 very ugly things
  An entropy weaver (Vaults:3)
  11 stone giants
  A war gargoyle (Vaults:1)
  A deep elf demonologist (Vaults:3)
  A deep elf annihilator (Vaults:3)
  A minotaur (Shoals:3)
  4 merfolk javelineers
  9 ettins
  A deep elf death mage (Vaults:3)
  8 merfolk impalers
  The ghost of Yqoodd the Thaumaturge, a journeyman GnWr of Kikubaaqudgha (D:13)
  6 yaktaur captains
  4 fire dragons
  Josephine (D:15)
  A great orb of eyes (Vaults:3)
  12 ogre magi
  2 rakshasas
  9 vault guards
  11 hydras
  Harold (D:10)
  4 ice dragons
  15 naga warriors
  12 centaur warriors
  An alligator snapping turtle (Shoals:3)
  17 anacondas
  3 catoblepae
  A satyr (Shoals:3)
  3 death knights
  26 two-headed ogres
  An anaconda (shapeshifter) (Vaults:1)
  3 merfolk avatars
  An orc high priest (Orc:2)
  5 merfolk aquamancers
  8 death yaks
  2 deep troll earth magi
  19 naga sharpshooters
  11 shock serpents
  4 deep troll shamans (Depths:1)
  2 tengu warriors (D:14)
  Urug (Lair:1)
  6 deep elf knights
  A fire crab (shapeshifter) (D:13)
  8 salamander mystics
  4 shadow wraiths
  5 unseen horrors
  10 skeletal warriors
  5 deep trolls
  A deep elf archer (Vaults:3)
  5 glowing orange brains
  A kraken simulacrum (Shoals:4)
  4 wizards
  9 naga ritualists
  15 sea snakes
  31 harpies
  A tengu zombie (Vaults:4)
  Pikel (D:7)
  5 deep elf magi
  A phantasmal warrior (D:15)
  2 harpies (shapeshifter)
  14 ironbrand convokers
  A fire giant zombie (D:15)
  25 ugly things
  A sphinx zombie (D:15)
  5 necromancers
  14 manticores
  8 lindwurms
  6 wolf spiders
  13 mana vipers
  22 slime creatures
  18 orc knights
  A manticore (shapeshifter) (Vaults:3)
  5 orc sorcerers
  14 salamanders
  10 cyclopes
  A frost giant skeleton (Vaults:4)
  8 guardian serpents
  15 fauns
  46 black mambas
  An ice statue (IceCv)
  18 elephants
  8 merfolk sirens
  A guardian serpent (shapeshifter) (Vaults:2)
  12 vault sentinels
  4 water nymphs
  An eye of devastation (shapeshifter) (Vaults:1)
  24 naga magi
  7 spiny frogs
  8 komodo dragons
  A human zombie (Vaults:4)
  2 gargoyles
  A yaktaur zombie (D:15)
  7 freezing wraiths
  4 centaur skeletons
  A yaktaur (shapeshifter) (D:14)
  3 rime drakes
  32 yaktaurs
  A yaktaur skeleton (D:15)
  5 trolls
  3 meliai (Shoals:3)
  A queen bee (Lair:3)
  A jumping spider (Vaults:3)
  41 merfolk
  A hornet (shapeshifter) (Vaults:3)
  18 polar bears
  6 wind drakes
  A polar bear (shapeshifter) (Vaults:3)
  7 blink frogs
  A wolf spider simulacrum (D:12)
  10 hippogriffs
  5 hornets
  16 snapping turtles
  26 dream sheep
  A hippogriff (shapeshifter) (Vaults:4)
  10 spriggans
  3 redbacks (Vaults:3)
  A shadow (D:14)
  52 yaks
  4 fire bats (Volcano)
  A human (shapeshifter) (D:13)
  6 wraiths
  5 water elementals
  A fire bat (shapeshifter) (Vaults:1)
  7 hogs
  A wyvern (Volcano)
  2 golden eyes (shapeshifter)
  A steam dragon (Volcano)
  19 humans
  3 neqoxecs (D:13)
  A basilisk (Lair:5)
  5 vampire mosquitoes
  A hungry ghost (D:11)
  11 wargs
  Menkaure (D:7)
  A soldier ant (D:13)
  A deep troll zombie (Vaults:4)
  60 nagas
  3 acid dragons
  A naga (shapeshifter) (D:13)
  10 water moccasins
  10 porcupines
  A hornet zombie (D:13)
  A water moccasin (shapeshifter) (Vaults:1)
  Duvessa (D:7)
  4 sky beasts
  51 orc warriors
  3 ice beasts
  A slave (D:7)
  A phantom (D:5)
  6 black bears
  An eye of draining (shapeshifter) (Vaults:3)
  An eye of draining (D:11)
  33 ogres
  4 boggarts (Lair:6)
  A necrophage (D:12)
  43 wolves
  7 centaurs
  25 crocodiles
  13 bullfrogs
  3 big kobolds
  A gnoll sergeant (D:10)
  A wyvern zombie (D:8)
  A water moccasin zombie (D:7)
  A glowing shapeshifter simulacrum (Vaults:3)
  A scorpion (D:8)
  3 water moccasin skeletons
  Dowan (D:7)
  2 human simulacra (Vaults:2)
  9 wights
  An elf simulacrum (Vaults:1)
  25 killer bees
  2 howler monkeys
  8 crimson imps
  A bullfrog zombie (D:6)
  4 quasits
  5 centaur zombies
  6 jellies
  21 orc priests
  6 hounds
  4 bullfrog skeletons
  A gnoll shaman (D:2)
  Crazy Yiuf (D:7)
  31 orc wizards
  3 iguanas
  6 hell rats (Lair:2)
  9 worker ants
  An ogre zombie (D:4)
  2 hound zombies
  A worker ant zombie (D:4)
  6 adders
  15 gnolls
  2 orc zombies (D:4)
  3 shadow imps
  3 oozes (Lair:5)
  An adder skeleton (D:8)
  A dart slug (D:5)
  3 leopard geckos
  134 orcs
  An orc (shapeshifter) (D:13)
  2 ball pythons
  6 giant cockroaches
  16 goblins
  8 hobgoblins
  11 jackals
  2 quokkas (D:2)
  9 bats
  2 frilled lizards
  15 kobolds
  A quokka skeleton (D:10)
  10 rats
  A plant (Shoals:3)
  2 tentacles (Shoals:4)
1744 creatures vanquished.

Vanquished Creatures (others)
  A tengu reaver (Vaults:3)
  Nessos (D:14)
  4 yaktaur captains
  A satyr (Shoals:2)
  2 centaur warriors
  A naga sharpshooter (Snake:1)
  2 orc knights
  A manticore (Shoals:4)
  4 cyclopes
  2 elephants (Lair:5)
  3 yaktaurs
  A hippogriff (Lair:5)
  A vampire (D:13)
  3 wyverns (Volcano)
  2 steam dragons (Volcano)
  A slave (D:7)
  An ogre (Vaults:3)
  4 centaurs
  A bullfrog (Lair:5)
  3 orcs
  A bush (D:10)
  4 fungi
  61 plants
  8 tentacles (Shoals:4)
113 creatures vanquished.

Grand Total: 1857 creatures vanquished

Notes
Turn   | Place    | Note
-------+----------+-------------------------------------------
     0 | D:1      | Faca the Merfolk Gladiator began the quest for the Orb.
     0 | D:1      | Reached XP level 1. HP: 16/16 MP: 1/1
   147 | D:1      | Reached XP level 2. HP: 20/23 MP: 2/2
   367 | D:1      | Reached skill level 5 in Polearms
   761 | D:1      | Reached XP level 3. HP: 29/29 MP: 3/3
   997 | D:2      | Reached XP level 4. HP: 11/35 MP: 4/4
  1269 | D:1      | Reached skill level 6 in Polearms
  1543 | D:2      | Reached XP level 5. HP: 35/42 MP: 5/5
  2322 | D:2      | Found a blossoming altar of Fedhas.
  2664 | D:2      | Reached skill level 7 in Polearms
  3081 | D:3      | Reached XP level 6. HP: 29/50 MP: 6/6
  3192 | D:3      | Reached skill level 5 in Fighting
  3635 | D:3      | Found a faded altar of an unknown god.
  3809 | D:4      | Found a transporter.
  4153 | D:4      | Reached skill level 8 in Polearms
  4224 | D:4      | Found a shimmering altar of Xom.
  4296 | D:4      | Found a radiant altar of Vehumet.
  4299 | D:4      | Found a burning altar of Makhleb.
  4456 | D:4      | Found a transporter.
  4514 | D:4      | Reached XP level 7. HP: 58/58 MP: 7/7
  4771 | D:4      | Reached skill level 9 in Polearms
  5160 | D:5      | Entered Level 5 of the Dungeon
  5160 | D:5      | Found Gyckipel's Weapon Boutique.
  5291 | D:5      | Found a snail-covered altar of Cheibriados.
  5330 | D:5      | Reached skill level 10 in Polearms
  5330 | D:5      | Reached XP level 8. HP: 24/67 MP: 8/8
  6281 | D:6      | Found a stormy altar of Qazlal.
  6429 | D:6      | Reached skill level 11 in Polearms
  6629 | D:6      | Reached XP level 9. HP: 68/75 MP: 9/9
  6888 | D:6      | Reached skill level 12 in Polearms
  7815 | D:7      | Noticed Menkaure
  8626 | D:7      | Reached skill level 10 in Fighting
  8705 | D:7      | Reached skill level 13 in Polearms
  8754 | D:7      | Reached skill level 1 in Shields
  8898 | D:7      | Found Haitat's Armour Shoppe.
  8944 | D:7      | Noticed Pikel
  8970 | D:7      | Killed Pikel
  8970 | D:7      | Reached skill level 5 in Dodging
  8970 | D:7      | Reached XP level 10. HP: 86/86 MP: 10/10
  9040 | D:7      | Found a staircase to the Ecumenical Temple.
  9049 | Temple   | Entered the Ecumenical Temple
  9077 | Temple   | Became a worshipper of Warmaster Okawaru
  9106 | D:7      | Killed Menkaure
  9422 | D:7      | Noticed Dowan
  9426 | D:7      | Noticed Duvessa
  9428 | D:7      | Killed Dowan
  9428 | D:7      | Reached * piety under Okawaru
  9429 | D:7      | Found a blossoming altar of Fedhas.
  9471 | D:7      | Killed Duvessa
  9565 | D:7      | Found a runed translucent door.
  9566 | D:7      | Noticed Crazy Yiuf
  9700 | D:7      | Killed Crazy Yiuf
  9852 | D:7      | Reached ** piety under Okawaru
  9852 | D:7      | Reached skill level 14 in Polearms
 10415 | D:8      | Found a shadowy altar of Dithmenos.
 11150 | D:9      | Found a white marble altar of Elyvilon.
 11672 | D:10     | Entered Level 10 of the Dungeon
 11842 | D:10     | Reached *** piety under Okawaru
 11914 | D:10     | Found a staircase to the Lair.
 11927 | D:10     | Reached skill level 5 in Shields
 11930 | D:10     | Reached XP level 11. HP: 87/93 MP: 11/11
 12426 | D:10     | Noticed Harold
 12450 | D:10     | Killed Harold
 12450 | D:10     | Reached **** piety under Okawaru
 12455 | D:10     | Found a staircase to the Orcish Mines.
 12788 | D:11     | Noticed a six-headed hydra
 12797 | D:11     | Killed a six-headed hydra
 12797 | D:11     | Reached skill level 15 in Polearms
 13160 | D:11     | Noticed a brown ugly thing
 13182 | D:11     | Killed a brown ugly thing
 13399 | D:11     | Found a portal to a secret trove of treasure.
 13568 | D:11     | Noticed a six-headed hydra
 13577 | D:11     | Killed a six-headed hydra
 13577 | D:11     | Received a gift from Okawaru
 13577 | D:11     | Reached ***** piety under Okawaru
 13879 | D:11     | Identified the +2 chain mail of Muttered Phrases {Str+3}
                  | (You found it on level 11 of the Dungeon)
 13995 | Lair:1   | Entered Level 1 of the Lair of Beasts
 14420 | Lair:1   | Found a glowing golden altar of the Shining One.
 14504 | Lair:1   | Noticed Urug
 14543 | Lair:1   | Killed Urug
 14543 | Lair:1   | Received a gift from Okawaru
 14613 | Lair:1   | Found a dark tunnel.
 14623 | Volcano  | Entered a volcano
 14835 | Volcano  | Reached skill level 10 in Dodging
 15012 | Volcano  | Noticed a salamander
 15054 | Volcano  | Killed a salamander
 15069 | Volcano  | Reached XP level 12. HP: 21/103 MP: 12/12
 15413 | Volcano  | Received a gift from Okawaru
 16027 | Volcano  | Noticed a fire dragon
 16064 | Volcano  | Killed a fire dragon
 16064 | Volcano  | Received a gift from Okawaru
 16064 | Volcano  | Reached skill level 16 in Polearms
 16490 | Lair:1   | Received a gift from Okawaru
 17425 | Lair:2   | Found a staircase to the Shoals.
 17464 | Lair:2   | Found a frozen archway.
 17468 | IceCv    | Entered an ice cave
 18081 | IceCv    | Reached XP level 13. HP: 74/111 MP: 13/13
 18289 | IceCv    | Received a gift from Okawaru
 18410 | IceCv    | Identified the +4 hand axe of Lamianiru {freeze, rC+}
                  | (Okawaru gifted it to you in an ice cave)
 18483 | IceCv    | Reached skill level 17 in Polearms
 18983 | IceCv    | Noticed a frost giant
 19402 | IceCv    | Identified the ring of Ru's Fury {rC+ Str+6 Int-5}
 19423 | IceCv    | Killed a frost giant
 19892 | Lair:2   | Received a gift from Okawaru
 20469 | Lair:3   | Reached skill level 1 in Invocations
 20836 | Lair:3   | Reached ****** piety under Okawaru
 21041 | Lair:3   | You fall into a shaft and drop 1 floor!
 22028 | Lair:4   | Reached skill level 10 in Shields
 22348 | Lair:4   | Received a gift from Okawaru
 22355 | Lair:4   | Reached XP level 14. HP: 120/120 MP: 16/16
 22363 | Lair:4   | Reached skill level 18 in Polearms
 22508 | Lair:4   | Found a staircase to the Snake Pit.
 23020 | Lair:5   | Found a staircase to the Slime Pits.
 23392 | Lair:5   | Received a gift from Okawaru
 23749 | Lair:5   | Reached skill level 5 in Invocations
 24263 | Lair:6   | Entered Level 6 of the Lair of Beasts
 25093 | Lair:6   | Received a gift from Okawaru
 26171 | Orc:1    | Entered Level 1 of the Orcish Mines
 26176 | Orc:1    | Noticed an orc warlord
 26711 | Orc:1    | Killed an orc warlord
 26711 | Orc:1    | Reached skill level 15 in Fighting
 26788 | Orc:1    | Reached XP level 15. HP: 107/129 MP: 19/19
 27190 | Orc:2    | Entered Level 2 of the Orcish Mines
 27554 | Orc:2    | Found a staircase to the Elven Halls.
 27776 | Orc:2    | Found a roughly hewn altar of Beogh.
 27804 | Orc:2    | Found a roughly hewn altar of Beogh.
 27820 | Orc:2    | Received a gift from Okawaru
 27820 | Orc:2    | Reached skill level 19 in Polearms
 27828 | Orc:2    | Identified the +1 pair of boots "Uridghe" {MR+} (Okawaru
                  | gifted it to you on level 2 of the Orcish Mines)
 27954 | Orc:2    | Found Umuon's General Store.
 28102 | Orc:2    | Found a roughly hewn altar of Beogh.
 28106 | Orc:2    | Found Joiraol's Antique Armour Shop.
 28181 | Orc:2    | Found a roughly hewn altar of Beogh.
 28366 | Orc:2    | Found Ruinezau's Antique Armour Emporium.
 28367 | Orc:2    | Found a roughly hewn altar of Beogh.
 28370 | Orc:2    | Found Roef's Antique Weapon Shoppe.
 28495 | Orc:2    | Found a roughly hewn altar of Beogh.
 28499 | Orc:2    | Found a roughly hewn altar of Beogh.
 28581 | Orc:2    | Noticed an orc warlord
 28611 | Orc:2    | Killed an orc warlord
 28674 | Orc:2    | Bought a runed hat for 154 gold pieces
 28744 | Orc:2    | Bought a +1 pair of gloves of archery for 198 gold pieces
 28744 | Orc:2    | Bought a potion of mutation for 96 gold pieces
 28895 | D:5      | Bought the +9 mace "Ashaf" {flame, +Rage rPois Int+4 Dex-3}
                  | for 1008 gold pieces
 29266 | D:11     | You paid a toll of the mace "Ashaf" to enter a treasure
                  | trove
 29267 | Trove    | Entered a treasure trove
 29301 | Trove    | Got a sparkling platinum ring
 29303 | Trove    | Got a smoking turquoise ring
 29359 | D:11     | Identified the ring "Qonucape" {Fire *Contam rElec Int+4}
                  | (You found it in a treasure trove)
 29361 | D:11     | Identified the ring of Vumetu {Fire rPois Str+5 Dex+4} (You
                  | found it in a treasure trove)
 29483 | Shoals:1 | Entered Level 1 of the Shoals
 29484 | Shoals:1 | Found a runed translucent gate.
 29484 | Shoals:1 | Noticed Twasazerg's ghost (journeyman DsFi)
 29485 | Shoals:1 | Found a runed translucent gate.
 29485 | Shoals:1 | Found a runed translucent gate.
 30205 | D:12     | Found a glowing golden altar of the Shining One.
 30525 | D:12     | Reached skill level 15 in Dodging
 30677 | D:13     | Found Acuepav's Armour Shop.
 30964 | D:13     | Found a runed translucent gate.
 30986 | D:13     | Found a runed translucent gate.
 30991 | D:13     | Found a runed translucent gate.
 31598 | D:14     | Found a shimmering altar of Xom.
 31743 | D:14     | Noticed Nessos
 31747 | D:14     | Killed Nessos
 31910 | D:14     | Received a gift from Okawaru
 32422 | D:14     | Reached XP level 16. HP: 131/137 MP: 22/22
 32515 | D:14     | Found a gate to the Vaults.
 32527 | D:14     | Paralysed by a wizard for 7 turns
 33248 | Shoals:1 | Noticed Louise
 33271 | Shoals:1 | Killed Louise
 33308 | Shoals:1 | Reached skill level 20 in Polearms
 34169 | Shoals:2 | Received a gift from Okawaru
 34658 | Shoals:2 | Received a gift from Okawaru
 35306 | Shoals:2 | Reached skill level 10 in Invocations
 35351 | Shoals:2 | Found Uppevae's Jewellery Emporium.
 35369 | Shoals:2 | Bought a cursed -3 ring of strength for 24 gold pieces
 35775 | Shoals:3 | Got a pair of brightly glowing gloves
 35776 | Shoals:3 | Identified the -2 pair of gloves of Sin {rElec rC+ rN+
                  | Regen+} (You found it on level 3 of the Shoals)
 35796 | Shoals:3 | Reached skill level 1 in Armour
 35885 | Shoals:3 | Found a hide-covered altar of Uskayaw.
 35900 | Shoals:3 | Reached XP level 17. HP: 129/145 MP: 24/24
 36219 | Shoals:3 | Received a gift from Okawaru
 36931 | Shoals:3 | HP: 6/146 [alligator snapping turtle (39)]
 37351 | Shoals:4 | Entered Level 4 of the Shoals
 37551 | Shoals:4 | Reached skill level 21 in Polearms
 37915 | Shoals:4 | Received a gift from Okawaru
 37950 | Shoals:4 | Got a brightly glowing trident {god gift}
 37951 | Shoals:4 | Identified the +10 trident of the Warrior {pierce, rPois
                  | rN+ MR+ Stlth+} (Okawaru gifted it to you on level 4 of the
                  | Shoals)
 38130 | Shoals:4 | Got a barnacled rune of Zot
 38238 | Shoals:4 | Noticed a kraken
 38254 | Shoals:4 | Killed a kraken
 38404 | Shoals:4 | Noticed Polyphemus
 38439 | Shoals:4 | Killed Polyphemus
 38515 | Shoals:4 | Identified Roxanne's Handbook of Shape Shifting
 38515 | Shoals:4 | Noticed Roxanne
 38538 | Shoals:4 | Killed Roxanne
 38538 | Shoals:4 | Received a gift from Okawaru
 38575 | Shoals:4 | Noticed Ilsuiw
 38598 | Shoals:4 | Killed Ilsuiw
 38686 | Shoals:4 | Reached XP level 18. HP: 154/154 MP: 25/25
 38739 | Shoals:4 | Identified Punyarch's Collected Works on Fetching
                  | Companions
 39069 | Shoals:1 | Killed Twasazerg's ghost
 39159 | Shoals:1 | Identified the +1 hat of Nyepipp {rPois MR+ Str-3 Slay+2}
                  | (You found it on level 1 of the Shoals)
 39263 | Snake:1  | Entered Level 1 of the Snake Pit
 39364 | Snake:1  | Noticed Agnes
 39379 | Snake:1  | Killed Agnes
 39577 | Snake:1  | Found Cuuqutot's Antique Weapon Shop.
 39581 | Snake:1  | Found Qoterghuu's Weapon Boutique.
 39582 | Snake:1  | Found Buerph's Armour Shop.
 39974 | Snake:1  | Reached skill level 5 in Armour
 40301 | Snake:2  | Received a gift from Okawaru
 40551 | Snake:2  | Received a gift from Okawaru
 41097 | Snake:3  | Noticed Bai Suzhen
 41147 | Snake:2  | Killed Bai Suzhen
 41147 | Snake:2  | Reached skill level 22 in Polearms
 41620 | Snake:3  | Received a gift from Okawaru
 41802 | Snake:3  | Noticed Aizul
 41823 | Snake:3  | Killed Aizul
 41872 | Snake:3  | Reached XP level 19. HP: 134/163 MP: 26/26
 42211 | Snake:3  | Received a gift from Okawaru
 42217 | Snake:3  | Identified the +1 crystal plate armour of the Endless
                  | Expanse {Regen+ SInv} (Okawaru gifted it to you on level 3
                  | of the Snake Pit)
 42726 | Snake:4  | Entered Level 4 of the Snake Pit
 42895 | Snake:4  | Reached skill level 15 in Shields
 43710 | Snake:4  | Reached skill level 23 in Polearms
 43865 | Snake:4  | Received a gift from Okawaru
 43866 | Snake:4  | Found the +3 pair of gauntlets of War {Slay+5}
 44165 | Snake:4  | Reached XP level 20. HP: 109/172 MP: 27/27
 44251 | Snake:4  | Got a serpentine rune of Zot
 44759 | D:13     | Found a runed translucent gate.
 44759 | D:13     | Found a runed translucent gate.
 44766 | D:13     | Noticed Yqoodd's ghost (journeyman GnWr)
 44768 | D:13     | Found a runed translucent gate.
 44812 | D:13     | Killed Yqoodd's ghost
 44988 | D:13     | Got a pair of heavily runed gloves
 44992 | D:13     | Identified the +0 pair of gloves of the Evening Star
                  | {*Drain rN+++ rCorr Str-5} (You found it on level 13 of the
                  | Dungeon)
 45074 | D:15     | Entered Level 15 of the Dungeon
 45087 | D:15     | Noticed Josephine
 45098 | D:15     | Killed Josephine
 45137 | D:15     | Noticed Jorgrun
 45153 | D:15     | Killed Jorgrun
 45273 | D:15     | Noticed Kirke
 45310 | D:15     | Killed Kirke
 45436 | D:15     | Found a staircase to the Depths.
 45446 | D:15     | Received a gift from Okawaru
 45697 | D:15     | Identified a scroll of acquirement
 45804 | D:15     | Got a flickering pewter ring
 45805 | D:15     | Identified the ring of Vimaluf {-Tele MP+9 Str+2 Dex+4
                  | Stlth+} (You acquired it on level 15 of the Dungeon)
 45852 | Vaults:1 | Entered Level 1 of the Vaults
 46227 | Vaults:1 | Reached skill level 24 in Polearms
 46675 | Vaults:1 | Received a gift from Okawaru
 47019 | Vaults:1 | Reached XP level 21. HP: 181/181 MP: 28/28
 47613 | Vaults:1 | Found Roew's Antique Armour Boutique.
 47620 | Vaults:1 | Bought a scorched chain mail for 256 gold pieces
 47620 | Vaults:1 | Bought a runed cloak for 202 gold pieces
 47631 | Vaults:1 | Identified the cursed +0 chain mail of the Alphagorgon
                  | {rPois Str-4 SInv Stlth-} (You bought it in a shop on level
                  | 1 of the Vaults)
 48590 | Vaults:2 | Got a crude brass ring
 48591 | Vaults:2 | Identified the ring of Due Proportion {*Drain Int+6 Dex+5
                  | Slay+3} (You acquired it on level 2 of the Vaults)
 48774 | Vaults:2 | Received a gift from Okawaru
 48778 | Vaults:2 | Found Soudycs's Food Shop.
 48944 | Vaults:2 | Found a staircase to the Crypt.
 48944 | Vaults:2 | Found an ancient bone altar of Kikubaaqudgha.
 48945 | Vaults:2 | Found a basalt altar of Yredelemnul.
 49558 | Vaults:3 | Reached skill level 25 in Polearms
 49690 | Vaults:3 | Received a gift from Okawaru
 49698 | Vaults:3 | Noticed Asterion
 49715 | Vaults:3 | Killed Asterion
 49760 | Vaults:3 | Reached XP level 22. HP: 158/191 MP: 29/29
 50068 | Vaults:3 | Noticed Sojobo
 50106 | Vaults:3 | Killed Sojobo
 50533 | Vaults:3 | Received a gift from Okawaru
 50760 | Vaults:4 | Noticed Xtahua
 50778 | Vaults:4 | Killed Xtahua
 50988 | Vaults:4 | Found Ruvokh's Weapon Emporium.
 50988 | Vaults:4 | Found Qipnabef's Armour Emporium.
 51141 | Vaults:4 | Found Touniedu's Assorted Antiques.
 51435 | Vaults:4 | Received a gift from Okawaru
 52106 | Depths:1 | Entered Level 1 of the Depths
 52172 | Depths:1 | Found a gateway to Hell.
 52497 | Depths:1 | Received a gift from Okawaru
 52859 | Depths:1 | Reached skill level 26 in Polearms
 52859 | Depths:1 | Reached XP level 23. HP: 172/200 MP: 30/30
 52884 | Depths:1 | Identified the ring "Nizxisys" {+Fly Int-3 SInv Stlth-}
 52930 | Depths:1 | Noticed a golden dragon
 52933 | Depths:1 | Identified the +4 chain mail of Listlessness {-Tele rC+++
                  | MR+ Int+3} (You found it on level 1 of the Depths)
 53302 | Depths:2 | Found a one-way gate leading to the halls of Pandemonium.
 53398 | Depths:2 | Killed from afar by an ice dragon

Levels and vault maps discovered:
D:1:      dpeg_arrival_houses_and_road, layout_basic, serial_park_tiny_2,
          minmay_octomino_e4
D:2:      layout_basic, marbit_many_paths
D:3:      layout_loops_ring, chequers_ecumenical_altar_simple_redux,
          roderic_serpentine_path
D:4:      gammafunk_cloud_chamber, layout_cave_pods,
          nicolae_overflow_hidden_temple, minmay_ogre_servants
D:5:      layout_gridville, kennysheep_slug_shrine, first_ration, serial_shops,
          shop, nrook_uturn, kennysheep_generic_room_10
D:6:      cheibrodos_quashed, layout_basic, nicolae_qazlal_general_emergency
D:7:      wander_river, layout_basic, minmay_temple_entry_waves, serial_shops,
          shop_fountains, grunt_livestock, kennysheep_cluttered_room,
          fedhas_ov_isle_minmay, uniq_pikel, uniq_crazy_yiuf_cottage,
          uniq_duvessa, uniq_menkaure
D:8:      layout_loops_corners, old_standard_altar
D:9:      layout_irregular_city, serial_column_ruins, column_ruins_hut_ruined,
          column_ruins_hut, column_ruins_open_medium, column_ruins_open_large,
          column_ruins_columns_straight, column_ruins_grid_1, basic_altar
D:10:     layout_roguey, minmay_lair_entry_grove, orc_0_dummy, uniq_harold
D:11:     layout_irregular_city, enter_trove_1
D:12:     layout_small_grid, basic_altar, serial_bayou_crossing
D:13:     layout_loops_ring, ploomutoo_gammafunk_ghost_potion_laboratory,
          serial_shops, nicolae_shop_waterfront, minmay_lindwurm_lava
D:14:     layout_roguey, grunt_vaults_entry_tiered, lemuel_statue_altar,
          uniq_nessos
D:15:     gammafunk_depths_entry_grave, layout_loops_ring, uniq_josephine,
          uniq_kirke, uniq_jorgrun
Temple:   compressed_dpeg_circular_temple
Lair:1:   layout_regular_city, basic_altar, lightli_volcano_entry_magma_tube,
          uniq_urug
Lair:2:   layout_big_grid, minmay_shoals_entry_centaurs,
          portal_ice_cave_entry_pillars_2, st_stairs_4
Lair:3:   layout_roguey [special_room_bee]
Lair:4:   beast_lair_carwin_large_3, layout_regular_city,
          minmay_snake_entry_guardpost_small, serial_bayou_shore_a
Lair:5:   layout_misc_corridors, nicolae_slime_entry_slimehenge
Lair:6:   minmay_lair_end_enchanted_forest, layout_gridlike,
          serial_bayou_pond_a, grunt_megastairs_1
Shoals:1: layout_shoals, gammafunk_ghost_split, uniq_louise
Shoals:2: layout_shoals, serial_shops, shop
Shoals:3: layout_shoals, regret_index_shoals_crete
Shoals:4: shoals_end_grunt_ice, layout_shoals, shoals_ilsuiw_ice, uniq_roxanne,
          uniq_polyphemus
Snake:1:  layout_layer_cave, grunt_megastairs_2, minmay_shop_star, uniq_agnes
Snake:2:  layout_grid_maze
Snake:3:  layout_chambers, nicolae_snake_shapes, uniq_bai_suzhen, uniq_aizul
Snake:4:  snake_pit_salamanders_mu, layout_onion
Orc:1:    layout_caves
Orc:2:    grunt_orc_community_town_hall, layout_caves,
          grunt_orc_community_big_house_2, grunt_orc_community_big_house_2,
          grunt_orc_community_house_2, grunt_orc_community_house_3,
          grunt_orc_community_house_1, grunt_orc_community_house_2,
          grunt_orc_community_house_2
Vaults:1: vaults_dpeg_ring, ontoclasm_vaults_ring_small, st_quartered_hall,
          v_alt_pattern_5, vaults_standard_mumra_x, grunt_vaults_twisty,
          v_misc_5, grunt_vaults_hallway_short, vaults_room_door_ring,
          v_misc_30, nicolae_vaults_diagonal_hallway_8, v_misc_19,
          vaults_room_door_ring, v_misc_29, layout_vaults_ring, serial_shops,
          shop
Vaults:2: hangedman_vaults_stretched_pinwheel, nicolae_vaults_little_squares_6,
          v_misc_9, grunt_vaults_trifunnel, v_pattern_5,
          ontoclasm_vaults_gateway, minmay_crypt_entry_necro_gods, v_misc_8,
          grunt_vaults_focal, vaults_room_corners, nicolae_vaults_alarming,
          v_alt_pattern_6, layout_vaults_omnicross, serial_shops, shop
Vaults:3: vaults_mumra_hex, nicolae_vaults_puzzle_piece,
          nicolae_vaults_windows_and_doors_thing, hangedman_vaults_maws,
          vaults_room_semicircle, nicolae_vaults_murderbox, v_misc_27,
          v_alt_pattern_3, v_pattern_4, vaults_dpeg_hooks, vaults_dpeg_spiral,
          vaults_dpeg_diagonal, vaults_room_octagon,
          nicolae_vaults_little_squares_4, layout_vaults_maze, uniq_asterion,
          uniq_sojobo
Vaults:4: vaults_room_ringed_pool, v_misc_3, vaults_room_semicircle,
          v_alt_pattern_1, hangedman_vaults_hard_town_square, vaults_room_pools,
          nicolae_vaults_disjoint_gnomons, grunt_vaults_bifocal,
          nicolae_vaults_three_branches, hangedman_vaults_trim,
          layout_vaults_omnibox, uniq_xtahua
Depths:1: minmay_expanding_circles, layout_honeycomb,
          pf_vacation_house_of_asmodeus, roderic_lattice_a,
          lemuel_flamethrower_3
Depths:2: hangedman_pleasuredromes, pan_entry, hell_entry, abyss_entry,
          uniq_nikola

Skill      XL: |  1  2  3  4  5  6  7  8  9 10 11 12 13 14 15 16 17 18 19 20 21 22 23 |
---------------+----------------------------------------------------------------------+-----
Polearms       | 5 6 7 8 10 11 13 14 15 16 17 18 19 20 21 22 23 24 25 26 | 26.1
Fighting       | 3 4 6 7 8 10 11 12 13 14 15 16 17 18 19 20 21 | 21.2
Shields        | 2 5 7 8 10 11 12 13 14 15 16 17 18 | 18.2
Dodging        | 5 8 10 11 13 14 15 16 17 18 19 20 21 22 | 22.7
Invocations    | 3 6 8 10 | 10.0
Armour         | 1 4 5 |  5.0
Throwing       | 3 |  3.7

Action                   |  1- 3 |  4- 6 |  7- 9 | 10-12 | 13-15 | 16-18 | 19-21 | 22-24 || total
-------------------------+-------+-------+-------+-------+-------+-------+-------+-------++-------
Melee: Trident           |   113 |   263 |   449 |  1183 |  1687 |       |       |       ||  3695
       Tailslap          |       |       |     6 |    15 |       |    58 |       |       ||    79
       Demon trident     |       |       |       |       |   464 |  1552 |  1716 |   641 ||  4373
Throw: Boomerang         |       |       |       |     7 |    68 |    10 |       |       ||    85
       Throwing net      |       |       |       |     1 |       |     1 |       |       ||     2
Invok: Heroism           |       |       |       |     9 |     6 |       |       |     1 ||    16
       Finesse           |       |       |       |       |       |     2 |     3 |     1 ||     6
Evoke: Wand              |       |       |       |       |     7 |       |       |       ||     7
  Use: Scroll            |       |    17 |     4 |     6 |    16 |    15 |     8 |     3 ||    69
       Potion            |       |       |     2 |     5 |     4 |     2 |       |     2 ||    15
 Stab: Sleeping          |     2 |       |       |       |       |       |       |       ||     2
       Held in net/web   |       |       |       |     2 |       |     1 |       |       ||     3
       Paralysed         |       |       |       |       |     9 |       |       |       ||     9
       Petrified         |       |       |       |       |     7 |     6 |       |       ||    13
       Petrifying        |       |       |       |       |     1 |       |       |       ||     1
  Eat: Chunk             |       |     8 |    11 |    23 |    40 |    23 |    20 |    11 ||   136
       Ration            |       |     1 |     1 |     2 |     2 |     2 |     2 |       ||    10
Armor: Leather armour    |    11 |       |       |       |       |       |       |       ||    11
       Scale mail        |    11 |    58 |    94 |   113 |       |       |       |       ||   276
       Chain mail        |       |       |       |    97 |   333 |   178 |   161 |    86 ||   855
Dodge: Dodged            |    58 |   120 |   120 |   282 |   537 |   499 |   425 |   217 ||  2258
Block: Other             |     5 |    21 |       |       |       |       |       |       ||    26
       Reflection        |       |     2 |     4 |    10 |    30 |    96 |    99 |    50 ||   291
       Buckler           |       |     1 |    83 |    66 |       |       |       |       ||   150
       Shield            |       |       |       |   393 |  1197 |   979 |   822 |       ||  3391
       Large shield      |       |       |       |       |       |       |   156 |   609 ||   765
